AoeStats
← [CL] Al3jandr0.magn00

Enclosed

505569372Analyzed
1v1 RM · 22d ago on Sep 10, 2026· 46m 9s· 2 players
Game mode
Random Map
Map size
Tiny (2 player)
Population
200
Speed
Normal
Resources
Standard
Victory
Conquest
Starting age
Dark Age
Ending age
Imperial Age
RankedLock teamsTeams togetherTeam positionsShared explorationLock speedFull tech treeHidden civsTurbo modeCheats
Victory
Defeat
🇦🇷 Spanish · Argentina
1926
+10
🇨🇴 Jurchens · Colombia
1788
-10
[GDL] Capitan Nicky
8:31 Feudal Age
9:00 Loom
9:03 Double-Bit Axe
9:07 Man-at-Arms
10:42 Town Watch
11:39 Arson
14:37 Fletching
16:03 Wheelbarrow
17:37 Forging
23:37 Castle Age
21:35 Horse Collar
22:43 Bloodlines
23:02 Scale Barding Armor
23:09 Gold Mining
24:51 Bow Saw
25:14 Husbandry
30:02 Hand Cart
30:24 Heavy Plow
31:31 Elite Skirmisher
33:49 Padded Archer Armor
34:57 Leather Archer Armor
34:49 Bodkin Arrow
37:08 Chain Barding Armor
40:20 Imperial Age
41:00 Imperial Age
39:23 Ballistics
40:59 Chain Barding Armor
41:14 Iron Casting
41:12 Masonry
41:23 Light Cavalry
43:24 Chemistry
42:44 Bracer
44:10 Ring Archer Armor
44:24 Hussar
45:45 Plate Barding Armor
45:56 Pikeman
[CL] Al3jandr0.magn00
5:43 Loom
8:20 Feudal Age
9:17 Double-Bit Axe
17:36 Town Watch
17:44 Fletching
21:40 Castle Age
20:05 Horse Collar
20:38 Stone Mining
22:42 Bow Saw
28:10 Wheelbarrow
27:45 Husbandry
32:07 Bloodlines
32:23 Gold Mining
34:07 Padded Archer Armor
38:49 Imperial Age
37:18 Leather Archer Armor
39:02 Bodkin Arrow
40:14 Scale Barding Armor
40:20 Forging
40:20 Cavalier
41:40 Chain Barding Armor
42:39 Conscription
42:05 Paladin
44:04 Plate Barding Armor
Connection lost

Rejoining the realm…

Still unreachable

The connection could not be restored.

Session expired

The server has moved on; the page needs a fresh start.